AoeStats
← LostBard

Arabia

509195263Analyzed
1v1 RM · 7d ago on Sep 25, 2026· 53m 18s· 2 players
Game mode
Random Map
Map size
Tiny (2 player)
Population
200
Speed
Normal
Resources
Standard
Victory
Conquest
Starting age
Dark Age
Ending age
Imperial Age
RankedLock teamsTeams togetherTeam positionsShared explorationLock speedFull tech treeHidden civsTurbo modeCheats
Victory
Defeat
🇲🇦 Spanish · Morocco
815
+16
🇺🇸 Inca · United States
822
-16
actros.12v
6:59 Loom
9:33 Feudal Age
10:33 Horse Collar
21:37 Castle Age
20:47 Gold Mining
20:49 Fletching
21:49 Padded Archer Armor
31:00 Double-Bit Axe
38:01 Stone Mining
38:23 Forging
38:09 Bodkin Arrow
39:37 Ballistics
41:57 Bodkin Arrow
42:18 Leather Archer Armor
42:57 Stone Shaft Mining
45:27 Town Watch
46:18 Wheelbarrow
45:51 Husbandry
46:51 Iron Casting
46:19 Heavy Plow
46:48 Bow Saw
48:47 Hand Cart
53:41 Imperial Age
LostBard
5:57 Loom
11:55 Feudal Age
13:13 Wheelbarrow
12:22 Horse Collar
12:27 Double-Bit Axe
14:48 Champi Runner
16:20 Town Watch
18:20 Champi Runner
18:32 Champi Runner
25:14 Castle Age
24:03 Scale Mail Armor
24:13 Forging
25:18 Elite Skirmisher
28:46 Hand Cart
29:01 Squires
29:41 Stone Mining
30:02 Bow Saw
29:52 Heavy Plow
32:28 Champi Warrior
40:31 Fletching
45:05 Padded Archer Armor
46:48 Stone Shaft Mining
47:53 Gold Mining
Connection lost

Rejoining the realm…

Still unreachable

The connection could not be restored.

Session expired

The server has moved on; the page needs a fresh start.